 Dungeon Crawl Stone Soup version 0.31.0-9-g3a7656b989 (webtiles) character file.

Game seed: 1848410451083825486

70 qw the Shooter (level 4, 0/25 HPs)
             Began as a Deep Elf Hunter on Feb 2, 2024.
             Incinerated by a bombardier beetle (4 damage)
             ... with a burning spray
             ... on level 2 of the Dungeon.
             The game lasted 00:00:02 (855 turns).

qw the Shooter (Deep Elf Hunter)                     Turns: 855, Time: 00:00:03

Health: 0/25       AC:  5    Str: 10    XL:     4   Next: 3%
Magic:  6/6        EV: 11    Int: 14    God:
Gold:   29         SH:  0    Dex: 18    Spells: 3/3 levels left

rFire   . . .        a - +0 shortbow
rCold   . . .        (shield currently unavailable)
rNeg    . . .        d - +0 ring mail
rPois   .            (no helmet)
rElec   .            (no cloak)
rCorr   .            (no gloves)
SInv    .            (no boots)
Will    .....        (no amulet)
Stlth   +            (no ring)
HPRegen 0.24/turn    (no ring)
MPRegen 0.10/turn

%: no passive effects
@: on fire, glowing
A: no striking features
a: no special abilities


You were on level 2 of the Dungeon.
You visited 1 branch of the dungeon, and saw 2 of its levels.

You collected 29 gold pieces.


   Skills:
 - Level 1.5 Fighting
 + Level 7.4 Ranged Weapons
 - Level 2.4 Dodging
 - Level 1.2 Stealth


You had 3 spell levels left.
You didn't know any spells.
Your spell library was empty.

Inventory:

Hand Weapons
 a - a +0 shortbow (weapon)
Armour
 d - a +0 ring mail (worn)
Potions
 f - a potion of curing {unknown}

Dungeon Overview and Level Annotations

Branches:
Dungeon (2/15)

Altars:

Shops:
D:1 (


Message History

You shoot an arrow. The arrow hits the frilled lizard!
You kill the frilled lizard!
You shoot an arrow. The arrow hits the goblin.
You kill the goblin!
A bombardier beetle comes into view.
You shoot an arrow. The arrow hits the bombardier beetle.
The bombardier beetle is lightly wounded.
You shoot an arrow.
The arrow barely misses the bombardier beetle.
You shoot an arrow.
The arrow barely misses the bombardier beetle.
You shoot an arrow.
The arrow hits the bombardier beetle but does no damage.
The bombardier beetle is lightly wounded.
The bombardier beetle bites you but does no damage.
You shoot an arrow.
The arrow hits the bombardier beetle but does no damage.
The bombardier beetle is lightly wounded.
The bombardier beetle sprays incendiary fluid at you.
The burning spray hits you.
You are covered in liquid fire!
You shoot an arrow. The arrow hits the bombardier beetle.
The bombardier beetle is heavily wounded.
The liquid fire burns you!
The bombardier beetle bites you but does no damage.
You shoot an arrow. The arrow hits the bombardier beetle!
The bombardier beetle is almost dead.
The liquid fire burns you!
You shoot an arrow.
The arrow barely misses the bombardier beetle.
The liquid fire burns you!
The bombardier beetle bites you but does no damage.
You shoot an arrow. The arrow hits the bombardier beetle.
You kill the bombardier beetle!
The liquid fire burns you!
Your Ranged Weapons skill increases to level 7!
You have reached level 4!
You feel clever.
You are on fire!
The liquid fire burns you!
You die...

#.# #.# #.#
#.# #.# #.# #
#.# .##
##.##...#
#..@%...#
#.....(.#
#....^..#
............
.............
#....##.......
#..#. ....#..
#..#. )#.....


There were no monsters in sight!

Vanquished Creatures
  A bombardier beetle (D:2)
  A gnoll (D:1)
  2 dart slugs (D:1)
  2 endoplasms (D:1)
  A giant cockroach (D:1)
  A goblin (D:2)
  4 hobgoblins (D:1)
  2 kobolds (D:1)
  2 quokkas (D:1)
  A bat (D:1)
  2 frilled lizards
  3 rats (D:1)
22 creatures vanquished.

Notes
Turn   | Place    | Note
-------+----------+-------------------------------------------
     0 | D:1      | qw the Deep Elf Hunter began the quest for the Orb.
     0 | D:1      | Reached XP level 1. HP: 12/12 MP: 3/3
     0 | D:1      | 0 ||| qw: Version: 0.3-a-155-g5e7d8dd
     0 | D:1      | 0 ||| qw: Game counter: 499
     0 | D:1      | 0 ||| qw: Melee chars always use a shield: true
     0 | D:1      | 0 ||| qw: God list: Okawaru
     0 | D:1      | 0 ||| qw: Allow faded altars: false
     0 | D:1      | 0 ||| qw: Do Orc after clearing Dungeon:15 true
     0 | D:1      | 0 ||| qw: Do second Lair branch before Depths: true
     0 | D:1      | 0 ||| qw: Lair rune preference: random
     0 | D:1      | 0 ||| qw: Goals: Normal
     0 | D:1      | 0 ||| PLANNING D:1-11
   145 | D:1      | Found Irphe's Weapon Boutique.
   268 | D:1      | Reached skill level 6 in Ranged Weapons
   268 | D:1      | Reached XP level 2. HP: 16/16 MP: 4/4
   596 | D:1      | Reached XP level 3. HP: 20/20 MP: 5/5
   684 | D:1      | 684 ||| UPGRADING to +0 ring mail.
   694 | D:1      | 694 ||| DROPPING +0 leather armour.
   695 | D:1      | 695 ||| READING scroll labelled WUIVIR WIELIE.
   796 | D:1      | 796 ||| READING 2 scrolls labelled CEUNEUBRU RAEST.
   797 | D:1      | 797 ||| READING scroll labelled SIFIUTUMIU.
   798 | D:1      | 798 ||| READING scroll labelled DEYQUA TEEBIPH.
   799 | D:1      | 799 ||| DROPPING scroll of butterflies.
   800 | D:1      | 800 ||| DROPPING scroll of revelation.
   854 | D:2      | HP: 3/20 [burnt (5)]
   855 | D:2      | Reached skill level 7 in Ranged Weapons
   855 | D:2      | Reached XP level 4. HP: 4/25 MP: 6/6
   855 | D:2      | Incinerated by a bombardier beetle

Levels and vault maps discovered:
D:1:      tarquinn_simple_flora_water_f, layout_loops_cross, serial_shops, shop,
          minmay_misc_feat_columns, minmay_statues_item
D:2:      layout_loops_ring, ebering_ecumenical_altar_mist, uniq_sigmund

Skill      XL: |  1  2  3 |
---------------+----------+-----
Ranged Weapons | 6 7 |  7.4
Fighting       | |  1.5
Dodging        | |  2.4
Stealth        | |  1.2

Action                     |  1- 3 |  4- 6 || total
---------------------------+-------+-------++-------
   Fire: Shortbow          |    68 |       ||    68
    Use: Scroll            |     4 |       ||     4
 Armour: Leather armour    |    12 |       ||    12
         Ring mail         |     3 |       ||     3
  Dodge: Dodged            |    12 |       ||    12

Table legend:
 A = Non-vault XP
 B = Vault XP
 C = Vault XP percentage of total XP
 D = Non-vault monster count
 E = Vault monster count
 F = Vault count percentage of total count
                 A         B        C        D         E       F
            +---------+---------+-------+---------+---------+-------
      Total |     100 |       0 |   0.0 |      22 |       0 |   0.0
            +---------+---------+-------+---------+---------+-------
        D:1 |      49 |       0 |   0.0 |      19 |       0 |   0.0
        D:2 |      51 |       0 |   0.0 |       3 |       0 |   0.0
            +---------+---------+-------+---------+---------+-------
